 Dungeon Crawl Stone Soup version 0.31-a0-217-g58bb5d79cf (webtiles) character file.

Game seed: 10710018441815297302

42 Zonian the Caller (level 3, -4/19 HPs)
             Began as a Deep Elf Summoner on July 2, 2023.
             Slain by a worm (11 damage)
             ... on level 2 of the Dungeon.
             The game lasted 00:02:47 (1657 turns).

Zonian the Caller (Deep Elf Summoner)               Turns: 1657, Time: 00:02:47

Health: -4/19      AC:  2    Str:  5    XL:     3   Next: 33%
Magic:  8/10       EV: 12    Int: 21    God:
Gold:   54         SH:  0    Dex: 15    Spells: 4/10 levels left

rFire   . . .        d - +0 dagger
rCold   . . .        (no shield)
rNeg    + . .        a - +0 robe
rPois   .            (no helmet)
rElec   .            (no cloak)
rCorr   .            (no gloves)
SInv    .            (no boots)
Will    .....        (no amulet)
Stlth   ++           f - ring of positive energy
HPRegen 0.23/turn    (no ring)
MPRegen 0.12/turn

%: no passive effects
@: no status effects
A: no striking features
a: no special abilities


You were on level 2 of the Dungeon.
You visited 1 branch of the dungeon, and saw 2 of its levels.

You collected 54 gold pieces.

Inventory:

Hand Weapons
 d - a +0 dagger (weapon)
Armour
 a - a +0 robe (worn)
Jewellery
 f - a ring of positive energy (left hand)
Scrolls
 c - a scroll of poison
 g - a scroll of summoning {unknown}
Potions
 b - a potion of magic
 e - a potion of curing


   Skills:
 - Level 2.6 Dodging
 - Level 2.6 Stealth
 + Level 4.1 Spellcasting
 + Level 5.0 Summonings


You had 4 spell levels left.
You knew the following spells:

 Your Spells              Type           Power      Damage    Failure   Level
a - Summon Small Mammal   Summ           100%       N/A       1%          1
b - Call Imp              Summ           50%        N/A       2%          2
c - Call Canine Familiar  Summ           25%        N/A       4%          3

Your spell library contained the following spells:

 Spells                   Type           Power      Damage    Failure   Level
 Summon Guardian Golem    Hex/Summ       14%        N/A       13%         3
 Summon Lightning Spire   Summ/Air       14%        N/A       38%         4


Dungeon Overview and Level Annotations

Branches:
Dungeon (2/15)

Altars:


Message History

The worm is severely wounded.
The worm bites you!
Unknown command.
Casting: Call Imp (safe; 2% risk of failure)
Confirm with . or Enter, or press ? or * to list all spells.
The spell is quite dangerous to miscast (4% risk of failure)!
Continue anyway?
Okay, then.
Unknown command.
Casting: Call Canine Familiar (quite dangerous; 4% risk of failure)
Confirm with . or Enter, or press ? or * to list all spells.
A tiny devil pulls itself out of the air.
Unknown command.
You hit the worm. Your punch misses the worm.
The worm is severely wounded.
The worm closely misses you.
Your cerulean imp hits the worm but does no damage.
You barely miss the worm.
The worm is severely wounded.
The worm barely misses you.
Your cerulean imp hits the worm but does no damage.
Unknown command.
You hit the worm but do no damage.
The worm is heavily wounded.
Your cerulean imp hits the worm but does no damage.
You hit the worm.
The worm is severely wounded.
The worm bites you.
Your cerulean imp completely misses the worm.
You hit the worm.
The worm is severely wounded.
Your cerulean imp hits the worm with a -2 spear.
You hit the worm.
The worm is almost dead.
The worm misses you.
Your cerulean imp hits the worm with a -2 spear.
You hit the worm but do no damage.
The worm is almost dead.
The worm bites you!
Ouch! That really hurt!
You die...

## *,****,,,,,*,,***,,*** .# *,*
*,*,,,,,,**,,,,,, .# ###****,*
*,,,,,,,***,,,**, .# #.>,,,,,*
***,*,#** *,,,**, .# #.#******
*#+#.##***,,,**, .# #.#
*#......,,,,,,,*, .# #.####
##.....##***,**,*, .# #.##.##
##.w.....#* *,*,,*,
.#####.#...####.@.5...).***,,,,*,
..............'.........+,,,,,<,,
######.#...####.........****,,,**
#....## ##.?.[...#* **,,* #....#
##.....## **,* ##...# *#...## *,*
##.## *#+## *,* #.# *,* *,* #.#
*,* *,*


You could see a worm (ally target) and a friendly cerulean imp (summoned).

Vanquished Creatures
  2 endoplasms (D:1)
  2 goblins
  A quokka (D:2)
  2 frilled lizards
  A kobold (D:2)
8 creatures vanquished.

Vanquished Creatures (collateral kills)
  2 adders (D:2)
  A dart slug (D:2)
  2 bats
  An endoplasm (D:2)
  A giant cockroach (D:2)
  A ball python (D:2)
  A frilled lizard (D:2)
  3 goblins
  A kobold (D:1)
  A rat (D:1)
14 creatures vanquished.

Grand Total: 22 creatures vanquished

Notes
Turn   | Place    | Note
-------+----------+-------------------------------------------
     0 | D:1      | Zonian the Deep Elf Summoner began the quest for the Orb.
     0 | D:1      | Reached XP level 1. HP: 10/10 MP: 6/6
   491 | D:1      | Found a faded altar of an unknown god.
   537 | D:1      | You fall into a shaft and drop 1 floor!
   596 | D:2      | Reached XP level 2. HP: 15/15 MP: 6/8
   604 | D:2      | Learned a level 2 spell: Call Imp
  1443 | D:2      | Reached XP level 3. HP: 19/19 MP: 6/10
  1458 | D:2      | Reached skill level 5 in Summonings
  1494 | D:2      | Learned a level 3 spell: Call Canine Familiar
  1657 | D:2      | Slain by a worm

Illustrated notes

Levels and vault maps discovered:
D:1:      ncdulo_halloftheorcs, layout_basic, shapermc_ecumenical_altar_gd
D:2:      layout_loops_corners

Skill      XL: |  1  2  3 |
---------------+----------+-----
Spellcasting   | 4 |  4.1
Summonings     | 5 |  5.0
Dodging        | |  2.6
Stealth        | |  2.6

Action                     || total
---------------------------++-------
  Melee: Unarmed           ||    49
         Dagger            ||    22
   Cast: Summon Small Mamm ||    11
         Call Imp          ||     6
    Use: Scroll            ||     3
   Stab: Sleeping          ||     4
 Armour: Robe              ||    18
  Dodge: Dodged            ||    44

Table legend: (Time is in decaauts)
 A = Elapsed time spent in this place.
 B = Non-inter-level travel time spent in this place.
 C = Inter-level travel time spent in this place.
 D = Time resting spent in this place.
 E = Time spent auto-exploring this place.
 F = Levels seen in this place.
 G = Mean time per level.
                   A        B        C        D        E       F      G
               +--------+--------+--------+--------+--------+-----+--------+
         Total |   1655 |   1601 |     54 |    253 |   1068 |   2 |  827.5 |
       Dungeon |   1655 |   1601 |     54 |    253 |   1068 |   2 |  827.5 |
               +--------+--------+--------+--------+--------+-----+--------+

Top non-repeatable levels by time:
     D:1: 1175 daAuts
     D:2: 480 daAuts
